 Dungeon Crawl Stone Soup version 0.31-a0-1183-gd88bbb8b4d (webtiles) character file.

Game seed: 3950854598155601943

17 qw the Shooter (level 2, 0/17 HPs)
             Began as a Gargoyle Hunter on Dec 11, 2023.
             Killed from afar by Sigmund (8 damage)
             ... with a magic dart
             ... on level 2 of the Dungeon.
             The game lasted 00:00:12 (760 turns).

qw the Shooter (Gargoyle Hunter)                     Turns: 760, Time: 00:00:12

Health: 0/17       AC:  5    Str: 14    XL:     2   Next: 62%
Magic:  2/2        EV: 11    Int:  9    God:
Gold:   75         SH:  0    Dex: 13    Spells: 1/1 levels left

rFire   + . .        a - +0 shortbow
rCold   + . .        (shield currently unavailable)
rNeg    + . .        c - +0 leather armour
rPois   inf          (no helmet)
rElec   +            f - scarf {rC+ rF+}
rCorr   .            (no gloves)
SInv    .            (no boots)
Will    .....        (no amulet)
Stlth   +            (no ring)
HPRegen 0.22/turn    (no ring)
MPRegen 0.08/turn

%: no passive effects
@: no status effects
A: sickness immunity, AC +2, negative energy resistance 1, electricity
resistance, torment resistance 1, petrification resistance
a: no special abilities


You were on level 2 of the Dungeon.
You visited 1 branch of the dungeon, and saw 2 of its levels.

You collected 75 gold pieces.


Innate Abilities, Weirdness & Mutations

You are immune to sickness and miasma.
Your stone body is resilient. (AC +2)
You are immune to poison.
You resist negative energy. (rN+)
You are resistant to electric shocks. (rElec)
You are resistant to unholy torment.
You are immune to petrification.


   Skills:
 - Level 2.1 Fighting
 + Level 4.7 Ranged Weapons
 - Level 1.5 Dodging
 - Level 1.1 Stealth


You had one spell level left.
You didn't know any spells.
Your spell library was empty.

Inventory:

Hand Weapons
 a - a +0 shortbow (weapon)
Armour
 c - a +0 leather armour (worn)
 f - a scarf of resistance (worn)
Scrolls
 d - 2 scrolls of identify
Potions
 e - a potion of curing

Dungeon Overview and Level Annotations

Branches:
Dungeon (2/15)

Altars:

Annotations:
D:2 Sigmund


Message History

There is a stone staircase leading up here.
A giant cockroach is nearby!
Waypoint 1 assigned to D:2.
You shoot an arrow. The arrow hits the giant cockroach.
The giant cockroach is moderately wounded.
You shoot an arrow. The arrow hits the giant cockroach.
The giant cockroach is heavily wounded.
You shoot an arrow. The arrow hits the giant cockroach.
You kill the giant cockroach!
You see here a giant cockroach corpse.
Found a stone.
Found a scroll of butterflies.
Sigmund the Dreaded comes into view.
He is wielding a +0 scythe.
You shoot an arrow. The arrow hits Sigmund!
Sigmund is moderately wounded.
Sigmund casts a spell at you. You resist with significant effort.
You shoot an arrow. The arrow hits Sigmund.
Sigmund is moderately wounded.
Sigmund gestures wildly while chanting.
Sigmund flickers and vanishes!
Deactivating autopickup; reactivate with Ctrl-A.
You shoot an arrow. You shoot an arrow. You shoot an arrow.
You hear some strange, mumbled words.
Something tries to affect you, but you resist.
You shoot an arrow. You shoot an arrow.
A magic dart appears from out of thin air!
The magic dart hits you. Something hits you but does no damage.
You shoot an arrow. You shoot an arrow. Something hits you.
You shoot an arrow. Something hits you.
You shoot an arrow.
A magic dart appears from out of thin air!
The magic dart hits you!
You die...

## ... ......
.#.... #......
....... .(.....
#########|......
###).#....@.{.#
#.#..#........#
#..%..........#
#.#..#........#
#.#<...#..#.###
#.###.##..#.# #.
...#...#.# ##
##.#.#.#.# ..#.
?.


There were no monsters in sight!

Vanquished Creatures
  3 ball pythons (D:1)
  2 bats (D:1)
  An endoplasm (D:1)
  2 giant cockroaches
  A goblin (D:1)
  A hobgoblin (D:1)
  A quokka (D:1)
  A frilled lizard (D:1)
  A kobold (D:1)
  3 rats (D:1)
16 creatures vanquished.

Notes
Turn   | Place    | Note
-------+----------+-------------------------------------------
     0 | D:1      | qw the Gargoyle Hunter began the quest for the Orb.
     0 | D:1      | Reached XP level 1. HP: 12/12 MP: 1/1
     0 | D:1      | 0 ||| qw: Version: 0.3-a-106-g2cfff9e
     0 | D:1      | 0 ||| qw: Game counter: 2124
     0 | D:1      | 0 ||| qw: Melee chars always use a shield: true
     0 | D:1      | 0 ||| qw: God list: Okawaru
     0 | D:1      | 0 ||| qw: Allow faded altars: false
     0 | D:1      | 0 ||| qw: Do Orc after clearing Dungeon:15 true
     0 | D:1      | 0 ||| qw: Do second Lair branch before Depths: true
     0 | D:1      | 0 ||| qw: Lair rune preference: random
     0 | D:1      | 0 ||| qw: Goals: Normal, Save, Zot:1-4, Win
     0 | D:1      | 0 ||| PLANNING D:1-11
   117 | D:1      | Reached XP level 2. HP: 17/17 MP: 2/2
   531 | D:1      | 531 ||| UPGRADING to scarf of resistance.
   538 | D:1      | 538 ||| READING 3 scrolls labelled GOOTYSMU VOMUC.
   538 | D:1      | 538 ||| IDENTIFYING brown potion
   665 | D:1      | 665 ||| DROPPING scroll of butterflies.
   749 | D:2      | Noticed Sigmund
   760 | D:2      | Killed from afar by Sigmund

Levels and vault maps discovered:
D:1:      dpeg_arrival_water_temple_mockup, layout_loops_cross,
          kennysheep_pointless_box
D:2:      layout_basic, bh_walls_and_bars, uniq_sigmund

Action                     || total
---------------------------++-------
   Fire: Shortbow          ||    48
    Use: Scroll            ||     1
 Armour: Leather armour    ||    10
  Dodge: Dodged            ||     9

Table legend:
 A = Non-vault XP
 B = Vault XP
 C = Vault XP percentage of total XP
 D = Non-vault monster count
 E = Vault monster count
 F = Vault count percentage of total count
                 A         B        C        D         E       F
            +---------+---------+-------+---------+---------+-------
      Total |      25 |       0 |   0.0 |      16 |       0 |   0.0
            +---------+---------+-------+---------+---------+-------
        D:1 |      23 |       0 |   0.0 |      15 |       0 |   0.0
        D:2 |       2 |       0 |   0.0 |       1 |       0 |   0.0
            +---------+---------+-------+---------+---------+-------
